Map: Central Protocol

Players

ChewBox - Winner!

  • Race: Terran Terran

Mahler

  • Race: Terran Terran
  • League: Silver

VOD

https://youtu.be/lPihVHpDjq4

Description

Val Kitty takes on a Terran player in a 1vs1 match in Star Craft 2, Legacy of the Void. The strategy is to hold off the other Terran player long enough to build a fleet of Battlecruisers, while using the new ability to warp anywhere on the map to harass. Additionally, a small mix of marines, mines, and strategic placement are utilized.

Time

  • Played on: Jan. 8, 2016, 10:15 p.m.
  • Length: 23:19
Show
View Real Time Build Order
Export as new Build Order

ChewBox Terran - Winner!

Build Orders:  

Get SALT Encoding   

  12  0:04  SCV  
  13  0:37  Supply Depot  
  13  0:38  SCV  
  14  0:50  SCV  
  14  0:53  Supply Depot  
  15  1:01  Refinery  
  15  1:02  SCV  
  16  1:14  SCV  
  17  1:18  Barracks  
  17  1:26  SCV  
  18  1:35  Refinery  
  18  1:36  Supply Depot  
  18  1:38  SCV  
  19  1:50  SCV  
  20  1:55  Engineering Bay  
  20  2:02  SCV  
  20  2:07  Supply Depot  
  21  2:10  Barracks Reactor  
  21  2:15  SCV  
  22  2:27  SCV  
  23  2:30  Factory  
  23  2:35  Supply Depot  
  23  2:39  SCV  
  24  2:45  Hi-Sec Auto Tracking  
  24  2:51  SCV  
  25  2:58  Missile Turret  
  25  3:02  Marine  
  25  3:04  Marine  
  26  3:28  Orbital Command  
  26  3:31  Factory Reactor  
  26  3:33  Marine  
  27  3:34  Marine  
  28  3:55  Starport  
  28  4:03  Starport, Marine x2  
  30  4:29  Marine x2  
  31  4:40  Starport Tech Lab  
  31  4:41  Starport Tech Lab  
  31  4:47  Hellion x2  
  31  4:49  Fusion Core  
  35  4:55  SCV  
  35  4:57  Marine  
  35  4:58  Marine  
  38  5:07  SCV  
  38  5:09  Command Center  
  39  5:24  Marine x2  
  41  5:40  Armory  
  37  5:52  Battlecruiser  
  43  5:58  Marine x2  
  43  6:02  Widow Mine  
  47  6:04  Widow Mine  
  49  6:25  Orbital Command  
  49  6:29  Refinery  
  49  6:57  Refinery  
  49  6:58  Battlecruiser  
  55  7:11  Marine  
  55  7:12  Marine  
  57  7:25  Weapon Refit  
  57  7:31  Terran Ship Weapons Level 1  
  57  7:34  Marine x2  
  59  7:37  Command Center  
  59  7:41  SCV x2  
  61  7:46  Widow Mine x2  
  61  7:49  Barracks  
  65  7:52  Marine x2  
  65  7:53  SCV x2  
  69  8:02  Missile Turret  
  69  8:10  Missile Turret  
  69  8:17  Marine  
  70  8:31  Missile Turret  
  70  8:37  Supply Depot  
  70  8:48  Marine  
  70  9:00  Supply Depot  
  70  9:01  Missile Turret  
  70  9:10  Missile Turret  
  70  9:12  Planetary Fortress  
  70  9:16  SCV x2  
  72  9:25  Terran Vehicle And Ship Armor Level 1  
  72  9:27  Widow Mine  
  72  9:28  SCV x2  
  72  9:30  Missile Turret  
  76  9:32  Starport  
  76  9:37  Missile Turret  
  76  9:40  SCV x2  
  78  9:47  Missile Turret  
  78  9:51  SCV  
  78  9:52  SCV x2, Missile Turret  
  81  9:57  Missile Turret  
  81  10:00  Battlecruiser  
  81  10:03  SCV  
  81  10:04  SCV  
  89  10:19  Missile Turret  
  84  10:41  Battlecruiser  
  77  10:48  SCV x3  
  80  10:52  Command Center  
  80  11:00  SCV x3  
  83  11:12  SCV x3  
  83  11:14  Marine  
  83  11:15  Marine  
  88  11:24  SCV x3  
  91  11:32  Marine x2  
  91  11:34  Starport Tech Lab  
  91  11:36  SCV, Battlecruiser  
  100  11:41  Terran Vehicle And Ship Armor Level 2  
  100  11:50  Marine  
  101  12:03  Marine  
  101  12:05  Behemoth Reactor  
  101  12:08  Marine  
  103  12:21  Orbital Command, Marine  
  104  12:24  SCV x3  
  107  12:36  SCV x2  
  109  12:52  Battlecruiser  
  115  13:07  Refinery, SCV  
  116  13:23  SCV  
  111  13:31  Refinery  
  111  13:34  Refinery  
  111  13:35  SCV  
  111  13:38  Missile Turret  
  111  13:39  Missile Turret  
  111  13:46  Missile Turret  
  111  13:47  SCV  
  112  13:48  Missile Turret  
  112  13:59  SCV  
  112  14:00  Missile Turret  
  112  14:02  Supply Depot  
  113  14:03  Supply Depot  
  113  14:04  Supply Depot x3, Missile Turret  
  113  14:06  Supply Depot, Starport  
  113  14:08  Missile Turret x2  
  113  14:12  Missile Turret  
  113  14:20  SCV x3  
  113  14:23  SCV  
  122  14:24  Battlecruiser  
  122  14:25  Battlecruiser  
  122  14:26  Starport, Battlecruiser  
  122  14:28  Missile Turret  
  128  14:51  Marine x2  
  120  15:08  Marine  
  120  15:09  Starport Reactor, Marine, Starport Tech Lab  
  120  15:12  Widow Mine x2  
  126  15:21  Refinery  
  126  15:24  SCV  
  126  15:26  Marine x2  
  135  15:28  Battlecruiser  
  135  15:29  Battlecruiser  
  141  15:37  SCV, Battlecruiser  
  141  15:41  Widow Mine x2  
  152  15:44  Marine x2  
  152  15:49  SCV  
  155  16:01  SCV  
  156  16:08  Battlecruiser  
  156  16:09  Widow Mine  
  164  16:35  Battlecruiser, SCV, Viking x3  
  164  16:38  Supply Depot  
  177  16:40  Supply Depot  
  177  16:41  Viking  
  177  16:43  Supply Depot  
  179  17:02  Terran Ship Weapons Level 2  
  179  17:03  Supply Depot  
  179  17:05  Supply Depot, Viking x3  
  179  17:07  Supply Depot  
  185  17:11  Viking  
  181  17:25  Viking  
  181  17:28  Supply Depot  
  183  17:31  Supply Depot  
  183  17:35  Viking x3  
  181  17:50  Viking x2  
  183  17:55  Viking  
  183  18:02  Widow Mine x2  
  183  18:05  Marine x2, Viking  
  191  18:15  Viking  
  191  18:16  Viking  
  191  18:19  Viking  
  195  18:22  Marine  
  195  18:23  Command Center, Marine  
  197  18:40  Marine x2  
  194  18:58  Marine x2  
  185  19:41  Battlecruiser x2  
  197  19:48  Terran Ship Weapons Level 3  
  197  20:01  Missile Turret  
  197  20:15  Planetary Fortress  
  197  20:22  Missile Turret  
  197  20:43  Missile Turret  
  197  21:06  Missile Turret  
  197  21:27  Missile Turret  
Show
View Real Time Build Order
Export as new Build Order

Mahler Terran 

Build Orders:  

Get SALT Encoding   

  12  0:01  SCV  
  13  0:14  SCV  
  13  0:17  Supply Depot  
  14  0:26  SCV  
  15  0:39  SCV  
  15  0:41  Barracks  
  16  0:52  Refinery, SCV  
  17  1:04  SCV  
  18  1:16  SCV  
  19  1:28  SCV  
  19  1:31  Command Center  
  20  1:36  Reaper  
  21  1:40  SCV  
  22  1:50  Supply Depot  
  22  1:52  SCV  
  23  2:11  SCV, Marine  
  23  2:14  Bunker  
  25  2:23  SCV  
  25  2:25  Factory  
  25  2:29  Marine  
  28  2:37  SCV  
  28  2:43  Orbital Command  
  28  2:48  Engineering Bay  
  28  2:49  Refinery, SCV  
  29  3:01  Orbital Command  
  29  3:12  Factory Tech Lab  
  29  3:19  Starport  
  29  3:22  Barracks  
  28  3:41  Siege Tank  
  31  3:50  Orbital Command  
  31  3:51  Barracks Reactor  
  31  4:06  SCV  
  32  4:11  Marine  
  32  4:12  Barracks  
  33  4:18  SCV  
  33  4:19  Siege Tank  
  37  4:29  Marine  
  38  4:33  Marine x2  
  40  4:43  Starport  
  40  4:46  Starport Reactor  
  40  4:53  SCV  
  40  4:54  SCV  
  42  5:01  Marine x2  
  42  5:02  Marine  
  42  5:05  SCV  
  46  5:14  Barracks Tech Lab  
  46  5:31  Starport Reactor  
  46  5:41  Marine  
  46  5:42  Supply Depot  
  46  5:45  Supply Depot  
  46  6:04  SCV, Marine x4, Siege Tank  
  46  6:06  Supply Depot  
  46  6:07  SCV, Medivac  
  46  6:09  Supply Depot  
  57  6:16  SCV  
  58  6:19  SCV  
  58  6:21  Marine x3  
  58  6:25  Terran Infantry Weapons Level 1  
  62  6:27  Marine  
  62  6:28  SCV  
  62  6:30  Supply Depot  
  62  6:31  SCV  
  62  6:32  Supply Depot  
  65  6:37  Stimpack  
  65  6:39  Marine  
  66  6:40  SCV  
  66  6:43  SCV  
  68  7:02  SCV x2, Sensor Tower  
  70  7:08  Refinery  
  70  7:10  Refinery  
  70  7:13  Marine x2  
  70  7:14  SCV x2  
  74  7:16  Widow Mine  
  76  7:26  SCV x2, Armory  
  76  7:29  Supply Depot  
  78  7:30  Supply Depot  
  78  7:50  Sensor Tower  
  78  7:56  SCV x2  
  80  7:59  Marauder, Marine x2  
  80  8:00  Marine  
  80  8:04  Supply Depot x2  
  85  8:06  Medivac  
  85  8:08  SCV  
  85  8:09  SCV  
  89  8:16  Terran Vehicle Weapons Level 1  
  89  8:19  Terran Infantry Armor Level 1  
  89  8:21  Marauder  
  91  8:42  Marauder  
  93  8:54  Liberator  
  93  9:08  Thor  
  99  9:17  Marine x4  
  102  9:20  Command Center  
  102  9:22  Supply Depot  
  102  9:23  Supply Depot  
  106  9:35  Marauder  
  108  9:39  Marine x3  
  111  9:47  Medivac  
  111  9:49  Supply Depot  
  111  9:50  Supply Depot  
  111  9:52  SCV x2  
  115  9:57  Marauder, Marine x3  
  120  10:04  SCV x2  
  122  10:12  Terran Infantry Weapons Level 2  
  122  10:13  Fusion Core  
  122  10:14  Marine x2  
  122  10:15  Marine  
  122  10:18  Marauder  
  125  10:32  Marine x2  
  125  10:33  Marine  
  126  10:40  Marauder  
  115  10:50  Marine x3  
  106  10:59  Viking x4  
  106  11:01  Marauder  
  114  11:04  Siege Tank  
  114  11:08  Marine x3  
  120  11:15  Starport  
  120  11:18  SCV  
  120  11:19  SCV  
  120  11:20  Orbital Command  
  120  11:21  Starport  
  120  11:22  Marauder  
  124  11:29  Viking x2  
  124  11:30  SCV  
  128  11:36  Widow Mine  
  128  11:38  Marine x2  
  132  11:42  Viking x2  
  132  11:44  Marauder  
  138  11:58  SCV  
  138  11:59  SCV x2  
  141  12:05  Widow Mine, Marauder  
  145  12:10  SCV  
  145  12:11  SCV x2  
  144  12:27  Marauder  
  144  12:33  Widow Mine  
  146  12:43  Starport Reactor  
  145  12:45  Starport Tech Lab  
  145  13:02  Widow Mine  
  140  13:30  Thor  
  144  13:57  Marine x4  
  144  13:59  Raven  
  144  14:01  Viking  
  152  14:15  Marine  
  152  14:16  Marauder  
  155  14:19  Refinery  
  155  14:29  Command Center  
  155  14:37  Marauder  
  149  14:42  Raven  
  146  14:55  Marine x3  
  146  14:58  Marauder, Medivac x2  
  155  15:05  Viking x3  
  161  15:16  Supply Depot x2  
  161  15:20  Marauder  
  163  15:27  SCV x3  
  169  15:39  Supply Depot, SCV x2  
  169  15:41  Supply Depot, Marauder  
  176  15:58  Raven  
  155  16:41  Raven  
  147  17:24  Raven  
  147  17:25  Marine x2  
  147  17:26  Marauder  
  147  17:27  Medivac x2, Viking x2  
  158  17:47  Marauder  
  160  18:47  Command Center  
  160  18:53  Refinery  
  160  18:56  Refinery  
  160  18:59  Refinery  
  158  19:02  Command Center  
  158  19:03  Refinery  
  158  19:04  Marine  
  158  19:05  Marine x2  
  158  19:06  Marauder  
  130  19:27  Marauder  
  93  19:37  Marine  
  93  19:38  Marine  
  60  19:48  Marauder  
Tags
 
Add a new tag
Caveats
  • Supply blocks, unpowered buildings, or Contaminate may cause inaccurate times.
  • Supply counts are checked every 10 seconds.